 Dungeon Crawl Stone Soup version 0.21-a0-584-g185da8e (webtiles) character file.

47 torrenera the Chopper (level 3, -2/31 HPs)
             Began as a Hill Orc Abyssal Knight on Dec 21, 2017.
             Was a Follower of Lugonu.
             Slain by a gnoll
             ... wielding a +0 club
              (4 damage)
             ... on level 1 of the Dungeon.
             The game lasted 00:02:19 (1220 turns).

torrenera the Chopper (Hill Orc Abyssal Knight)     Turns: 1220, Time: 00:02:20

Health: -2/31      AC:  4    Str: 15    XL:     3   Next: 70%
Magic:  4/4        EV: 11    Int: 12    God:    Lugonu [*.....]
Gold:   41         SH:  2    Dex: 10    Spells: 2/2 levels left

rFire    . . .     SeeInvis .   l - -3 hand axe (curse)
rCold    . . .     Gourm    .   (no shield)
rNeg     . . .     Faith    .   b - +0 leather armour
rPois    .         Spirit   .   d - +0 helmet
rElec    .         Reflect  +   (no cloak)
rCorr    .         Harm     .   (no gloves)
MR       .....                  (no boots)
Stlth    +.........             h - +2 amulet of reflection
HPRegen  0.10/turn              (no ring)
MPRegen  0.09/turn              (no ring)

@: no status effects
A: no striking features
a: Depart the Abyss, Renounce Religion


You were on level 1 of the Dungeon.
You worshipped Lugonu.
Lugonu was aware of your devotion.
You were not hungry.

You visited 1 branch of the dungeon, and saw 2 of its levels.
You visited the Abyss 1 time.

You collected 41 gold pieces.

Inventory:

Hand Weapons
 a - a +1 hand axe
 i - a cursed -2 whip
 l - a cursed -3 hand axe (weapon)
Missiles
 j - 8 poisoned tomahawks (quivered)
 k - 26 stones
Armour
 b - a +0 leather armour (worn)
 d - a +0 helmet (worn)
Jewellery
 h - a +2 amulet of reflection (around neck)
Scrolls
 f - a scroll of magic mapping {unknown}
Potions
 e - a potion of flight {unknown}
 m - a potion of curing {unknown}
Comestibles
 c - 5 rations
 g - 5 chunks of flesh


   Skills:
 - Level 3.6 Fighting
 + Level 5.3 Axes
 - Level 2.1 Armour
 - Level 0.7 Dodging
 - Level 2.4 Invocations


You had 2 spell levels left.
You didn't know any spells.

Dungeon Overview and Level Annotations

Branches:
Dungeon (2/15)

Altars:


Message History

The gnoll is severely wounded.
You hit the gnoll but do no damage. The gnoll hits you with a club.
The gnoll hits you with a spear.
You hit the gnoll but do no damage.
The gnoll is severely wounded.
You barely miss the gnoll. The gnoll hits you with a club.
The gnoll barely misses you.
You barely miss the gnoll.
The gnoll is severely wounded.
You barely miss the gnoll. The gnoll hits you but does no damage.
The gnoll misses you.
You hit the gnoll.
The gnoll is almost dead.
You hit the gnoll. The gnoll misses you. The gnoll hits you with a spear!
* * * LOW HITPOINT WARNING * * *
You hit the gnoll.
You kill the gnoll!
Lugonu accepts your kill.
You hit the gnoll but do no damage. The gnoll hits you with a club.
You die...

.......# #.....#............#
.......######..........#'#######
#......#......#........#'#######
#....###......##.#)...#.)......#
..............##......+........#
..........^....[.....##........#
.....................###...#####
....####.......g.)...# #...#
....# #........@....# #...#
....# #......######## #####
##### ########


You could see a gnoll.

Vanquished Creatures
  2 gnolls (D:1)
  An ufetubus (Abyss:1)
  4 bats (D:1)
  3 giant cockroaches (D:1)
  A goblin (D:1)
  2 hobgoblins (D:1)
  3 jackals (D:1)
  A frilled lizard (D:1)
  2 kobolds (D:1)
  3 rats (D:1)
22 creatures vanquished.

Notes
Turn   | Place    | Note
-------+----------+-------------------------------------------
     0 | Abyss:1  | torrenera the Hill Orc Abyssal Knight began the quest for the Orb.
     0 | Abyss:1  | Reached XP level 1. HP: 19/19 MP: 2/2
    17 | Abyss:1  | Reached skill level 3 in Axes
    35 | Abyss:1  | Noticed a raiju
    38 | D:1      | Escaped the Abyss
   320 | D:1      | Reached XP level 2. HP: 26/26 MP: 3/3
   361 | D:1      | Reached skill level 4 in Axes
   499 | D:1      | Reached XP level 3. HP: 18/31 MP: 4/4
   940 | D:1      | Reached * piety under Lugonu
  1029 | D:1      | Reached skill level 5 in Axes
  1220 | D:1      | Slain by a gnoll

Vault maps used:
D:1:      dpeg_arrival_tiny_h
D:2:      wad_lake_hut, nicolae_overflow_crystal_walls,
          nicolae_dithmenos_through_a_glass_darkly, uniq_crazy_yiuf_cottage,
          uniq_robin

Skill      XL: |  1  2  3 |
---------------+----------+-----
Axes           | 3 4 5 |  5.3
Fighting       | |  3.6
Armour         | |  2.1
Dodging        | |  0.7
Invocations    | |  2.4

Action                   || total
-------------------------++-------
Melee: Hand axe          ||    91
Invok: Depart the Abyss  ||     1
  Use: Scroll            ||     1
  Eat: Chunk             ||     1
Armor: Leather armour    ||    30
Dodge: Dodged            ||    64
Block: Other             ||     1

Table legend:
 A = Spawn XP
 B = Non-spawn XP
 C = Spawn XP percentage of total XP
 D = Spawn monster count
 E = Non-spawn monster count
 F = Spawn count percentage of total count
 G = Total turns spent on level
                    A         B        C        D         E        F      G
               +---------+---------+-------+---------+---------+-------+---------
         Total |       8 |      60 |  11.8 |       1 |      21 |   4.5 |  1220
               +---------+---------+-------+---------+---------+-------+---------
           D:1 |       0 |      60 |   0.0 |       0 |      21 |   0.0 |  1180
       Abyss:1 |       8 |       0 | 100.0 |       1 |       0 | 100.0 |    38
               +---------+---------+-------+---------+---------+-------+---------
